AoeStats
← ramnsten

Arena

509352642Analyzed
4v4 RM · 7d ago on Sep 26, 2026· 57m 35s· 8 players
Game mode
Random Map
Map size
Large (8 player)
Population
200
Speed
Normal
Resources
Standard
Victory
Conquest
Starting age
Dark Age
Ending age
Imperial Age
RankedLock teamsTeams togetherTeam positionsShared explorationLock speedFull tech treeHidden civsTurbo modeCheats
Victory
Defeat
🇫🇷 Inca · France
747
+13
🇺🇸 Franks · United States
742
+13
🇫🇷 Vietnamese · France
546
+21
🇫🇷 Inca · France
481
+23
🇨🇳 Byzantines · China
715
-20
🇨🇳 Magyars · China
678
-18
🇰🇷 Celts · South Korea
632
-16
🇧🇷 Franks · Brazil
631
-16
ramnsten
10:42 Feudal Age
11:17 Double-Bit Axe
12:44 Wheelbarrow
20:42 Castle Age
20:04 Gold Mining
22:56 Bow Saw
26:28 Husbandry
27:32 Scale Barding Armor
29:12 Gold Shaft Mining
28:28 Stone Mining
29:08 Hand Cart
29:47 Light Cavalry
31:55 Chain Barding Armor
31:41 Scale Mail Armor
31:52 Forging
32:00 Padded Archer Armor
31:50 Fletching
36:50 Imperial Age
SENKAII
9:59 Feudal Age
10:30 Double-Bit Axe
12:08 Horse Collar
13:11 Wheelbarrow
16:57 Gold Mining
22:01 Castle Age
23:16 Hand Cart
23:49 Pikeman
24:33 Fletching
24:44 Padded Archer Armor
27:46 Husbandry
27:56 Bloodlines
28:56 Town Watch
30:26 Caravan
31:16 Light Cavalry
34:39 Heavy Plow
38:51 Imperial Age
36:49 Corvinian Army
39:35 Town Patrol
40:09 Bow Saw
40:34 Crop Rotation
39:57 Gold Mining
39:57 Stone Mining
41:14 Capped Ram
41:19 Hussar
42:34 Scale Barding Armor
44:14 Conscription
43:16 Elite Magyar Huszar
tuck205
1:05 Loom
13:37 Feudal Age
14:53 Wheelbarrow
14:05 Double-Bit Axe
20:57 Man-at-Arms
21:24 Arson
25:43 Castle Age
24:47 Gold Mining
24:53 Stone Mining
25:40 Forging
25:30 Scale Mail Armor
27:34 Hand Cart
27:36 Bow Saw
27:32 Caravan
27:16 Horse Collar
31:57 Gold Shaft Mining
34:28 Iron Casting
34:08 Chain Mail Armor
35:34 Bow Saw
40:33 Imperial Age
42:04 Conscription
42:47 Blast Furnace
41:39 Capped Ram
43:56 Chemistry
43:14 Fortified Wall
43:26 Ballistics
noob
11:43 Feudal Age
12:27 Double-Bit Axe
12:25 Horse Collar
14:44 Loom
19:02 Castle Age
19:09 Gold Mining
19:57 Bow Saw
19:49 Heavy Plow
21:12 Fletching
21:23 Padded Archer Armor
22:03 Squires
21:50 Arson
25:49 Scale Barding Armor
26:17 Ballistics
29:16 Treadmill Crane
29:54 Scale Mail Armor
46:34 Imperial Age
45:52 Chain Mail Armor
45:48 Forging
46:29 Gold Shaft Mining
46:13 Elite Skirmisher
47:01 Bodkin Arrow
48:00 Conscription
47:52 Logistica
47:11 Elite Varangian Guard
48:40 Stone Mining
49:57 Two-Man Saw
49:30 Crop Rotation
49:40 Wheelbarrow
49:51 Thumb Ring
51:04 Hoardings
53:08 Plate Mail Armor
54:14 Iron Casting
54:43 Bracer
54:35 Gambesons
55:34 Leather Archer Armor
55:58 Chain Barding Armor
57:22 Stone Shaft Mining
58:21 Chemistry
58:02 Fortified Wall
Point and Click
1:21 Loom
13:13 Feudal Age
13:39 Double-Bit Axe
13:39 Horse Collar
19:41 Castle Age
21:01 Bow Saw
20:54 Heavy Plow
22:01 Squires
21:48 Arson
25:26 Gold Mining
25:27 Stone Mining
26:02 Town Watch
26:52 Wheelbarrow
27:52 Forging
27:42 Scale Mail Armor
27:48 Town Patrol
32:49 Imperial Age
31:08 Champi Runner
31:09 Pikeman
32:44 Iron Casting
32:24 Chain Mail Armor
32:02 Champi Warrior
32:54 Elite Champi Warrior
34:05 Fabric Shields
34:05 Capped Ram
36:15 Crop Rotation
36:50 Blast Furnace
36:13 Halberdier
39:50 Plate Mail Armor
43:09 Elite Kamayuk
46:17 Siege Ram
54:55 Coinage
57:07 Banking
UBERBULLET
13:45 Feudal Age
18:08 Castle Age
18:06 Double-Bit Axe
22:32 Stone Mining
32:17 Bow Saw
33:36 Murder Holes
38:12 Forging
40:08 Wheelbarrow
40:18 Iron Casting
40:18 Gold Mining
44:36 Gold Shaft Mining
44:04 Town Watch
44:37 Hand Cart
46:46 Pikeman
53:24 Fletching
53:37 Scale Mail Armor
57:14 Chain Mail Armor
Lizy Eye
15:01 Feudal Age
15:27 Horse Collar
15:56 Double-Bit Axe
22:34 Gold Mining
22:37 Stone Mining
23:49 Scale Mail Armor
23:50 Padded Archer Armor
27:52 Bloodlines
29:47 Castle Age
29:16 Man-at-Arms
30:53 Chain Mail Armor
30:39 Long Swordsman
31:24 Squires
30:45 Pikeman
31:16 Arson
31:01 Crossbowman
31:03 Elite Skirmisher
33:43 Stone Shaft Mining
34:02 Light Cavalry
34:43 Husbandry
35:07 Thumb Ring
46:21 Heavy Plow
51:43 Imperial Age
49:32 Leather Archer Armor
51:57 Elite Fire Lancer
52:54 Elite Rattan Archer
Code:Sn1p3r
13:24 Feudal Age
16:08 Double-Bit Axe
17:50 Champi Runner
18:01 Champi Runner
18:32 Horse Collar
25:55 Gold Mining
25:59 Stone Mining
31:15 Castle Age
31:29 Castle Age
32:20 Champi Warrior
32:23 Pikeman
34:12 Heavy Plow
34:20 Heavy Plow
34:35 Crossbowman
35:58 Scale Mail Armor
46:55 Guard Tower
Connection lost

Rejoining the realm…

Still unreachable

The connection could not be restored.

Session expired

The server has moved on; the page needs a fresh start.